 Dungeon Crawl Stone Soup version 0.30.1-3-gfc49f6343a (webtiles) character file.

Game seed: 16833652299216552687

196 Groucho the Ducker (level 6, -2/43 HPs)
             Began as a Djinni Fire Elementalist on July 23, 2023.
             Killed by divine providence
             ... invoked by an orc priest
              (11 damage)
             ... on level 3 of the Dungeon.
             The game lasted 00:08:41 (4675 turns).

Groucho the Ducker (Djinni Fire Elementalist)       Turns: 4675, Time: 00:08:41

Health: -2/43      AC:  2    Str:  7    XL:     6   Next: 4%
Gold:   253        EV: 13    Int: 18    God:
                   SH:  5    Dex: 14

rFire   + + .        m - +2 short sword (venom)
rCold   x . .        (no shield)
rNeg    . . .        a - +0 robe
rPois   ∞            (no helmet)
rElec   .            (no cloak)
rCorr   .            (no gloves)
SInv    .            (boots unavailable)
Will    .....        q - amulet of reflection
Stlth   ++           (no ring)
HPRegen 0.27/turn    (no ring)
MPRegen 0.00/turn

%: reflection, infuse magic (-3 HP)
@: flying
A: sickness immunity, fire resistance 2, cold vulnerability 1, float, innate
caster, HP casting, extra vitality 1
a: no special abilities


You were on level 3 of the Dungeon.
You visited 1 branch of the dungeon, and saw 3 of its levels.

You collected 253 gold pieces.

Inventory:

Hand Weapons
 m - a +2 short sword of venom (weapon)
Armour
 a - a +0 robe (worn)
Jewellery
 q - an amulet of reflection (around neck)
Wands
 j - a wand of digging (5)
Scrolls
 b - 2 scrolls of teleportation {unknown}
 c - a scroll of immolation {unknown}
 f - a scroll of magic mapping {unknown}
 g - a scroll of enchant weapon {unknown}
 i - 2 scrolls of identify {unknown}
 o - a scroll of noise {unknown}
 p - 3 scrolls of amnesia {unknown}
Potions
 d - a potion of curing {unknown}
 e - a potion of haste {unknown}
 h - a potion of mutation {unknown}
 k - a potion of attraction {unknown}
 l - a potion of heal wounds {unknown}
 n - a potion of flight {unknown}


   Skills:
 + Level 2.2 Fighting
 + Level 3.5 Dodging
 - Level 2.6 Stealth
 * Level 3.4 Spellcasting


You knew the following spells:

 Your Spells              Type           Power      Damage    Failure   Level
a - Foxfire               Conj/Fire      60%        2x1d7     3%          1
b - Scorch                Fire           30%        2d6       5%          2
c - Volatile Blastmotes   Fire/Tloc      30%        2d12      11%         3
d - Inner Flame           Hex/Fire       15%        N/A       11%         3
e - Flame Wave            Conj/Fire      15%        2d7       36%         4
f - Sandblast             Erth           30%        2d9       3%          1
g - Blink                 Tloc           30%        N/A       5%          2
Your spell library was empty.

Dungeon Overview and Level Annotations

Branches:
Dungeon (3/15)

Altars:

Shops:
D:3 :


Innate Abilities, Weirdness & Mutations

You are immune to sickness and miasma.
You are immune to poison.
Your flesh is very heat resistant. (rF++)
You are vulnerable to cold. (rC-)
You float through the air rather than walking.
You learn spells naturally, not from books.
Your magical power is your life essence.
You have superior vitality. (+4 MHP)


Message History

Unknown command.
Unknown command.
Casting: Sandblast (safe; 3% risk of failure)
Confirm with . or Enter, or press ? or * to list all spells.
Aiming: Sandblast (safe; 3% risk of failure)
Press: ? - help, Shift-Dir - straight line, f - orc priest
Aim: an orc priest, wielding a +0 whip and wearing a +0 ring mail (84% to hit)
The blast of sand hits the orc priest but does no damage.
The orc priest invokes the aid of Beogh against you.
Beogh smites you!
* * * LOW HITPOINT WARNING * * *
Unknown command.
Unknown command.
Okay, then.
Aiming: Sandblast (safe; 3% risk of failure)
Press: ? - help, Q - select action, (/) - cycle Shift-Dir - straight line, f/p - orc priest
Aim: an orc priest, wielding a +0 whip and wearing a +0 ring mail (84% to hit)
The blast of sand hits the orc priest.
The orc priest is lightly wounded.
* * * LOW HITPOINT WARNING * * *
Unknown command.
Unknown command.
Aiming: Sandblast (safe; 3% risk of failure)
Press: ? - help, Q - select action, (/) - cycle Shift-Dir - straight line, f/p - orc priest
Aim: an orc priest, wielding a +0 whip and wearing a +0 ring mail (lightly wounded, 84% to hit)
The blast of sand hits the orc!
You kill the orc!
* * * LOW HITPOINT WARNING * * *
Unknown command.
Unknown command.
Aiming: Sandblast (safe; 3% risk of failure)
Press: ? - help, Q - select action, (/) - cycle Shift-Dir - straight line, f/p - orc priest
Aim: an orc priest, wielding a +0 whip and wearing a +0 ring mail (lightly wounded, 84% to hit)
The blast of sand hits the orc priest!
The orc priest is almost dead.
* * * LOW HITPOINT WARNING * * *
The orc closely misses you.
The orc priest mumbles some strange prayers to Beogh against you.
Beogh smites you!
You die...

#.#.### #.##...#...........#
#...# #.###.........∩.....
#.#########......#............
#........#####......<..⌠.⌠.##.
########.# #.............##.
#.# #............###. #.#
#..........[...#.
#######.########.....##....#.
#........#.o@..'.....+.....#.
#........#o#####.....#....<..
#........# #.....#....>..
#.......## #.....#.....).
#.......# #.....#.......
#.......# ##............
#.......# #####.......
##.###### #....... #.#
#...#...


You could see an orc priest and an orc.

Vanquished Creatures
  2 jellies (D:2)
  An orc wizard (D:3)
  3 adders (D:2)
  4 dart slugs
  3 orcs (D:3)
  3 bats
  13 endoplasms
  5 giant cockroaches
  4 goblins
  2 hobgoblins (D:1)
  4 jackals (D:1)
  5 ball pythons
  3 frilled lizards (D:1)
  13 kobolds
  9 rats
74 creatures vanquished.

Vanquished Creatures (others)
  40 foxfires (D:1)
40 creatures vanquished.

Grand Total: 114 creatures vanquished

Notes
Turn   | Place    | Note
-------+----------+-------------------------------------------
     0 | D:1      | Groucho the Djinni Fire Elementalist began the quest for
                  | the Orb.
     0 | D:1      | Groucho set off with the following spells memorised:
                  | Foxfire, Scorch, Volatile Blastmotes, Inner Flame, Flame
                  | Wave.
     0 | D:1      | Reached XP level 1. HP: 15/15 MP: 0/0
   226 | D:1      | Reached XP level 2. HP: 21/22 MP: 0/0
   992 | D:1      | Reached XP level 3. HP: 25/26 MP: 0/0
   992 | D:1      | Learned a level 1 spell: Sandblast
  1167 | D:1      | Reached skill level 1 in Fighting
  2302 | D:2      | Reached XP level 4. HP: 27/32 MP: 0/0
  4086 | D:2      | Reached XP level 5. HP: 22/38 MP: 0/0
  4086 | D:2      | Learned a level 2 spell: Blink
  4379 | D:3      | Found Taruh's Vocational Training.
  4520 | D:3      | Found a faded altar of an unknown god.
  4661 | D:3      | Reached XP level 6. HP: 40/43 MP: 0/0
  4675 | D:3      | Killed from afar by an orc priest

Illustrated notes

Levels and vault maps discovered:
D:1:      psy_arrival_spokes, layout_basic, minmay_misc_feat_hallway
D:2:      cheibrodos_fertilizer, layout_basic, minmay_misc_feat_columns,
          minmay_misc_feat_iff
D:3:      layout_basic, shapermc_ecumenical_altar_starsandcircs,
          nicolae_shop_vocational

Skill      XL: |  1  2  3  4  5 |
---------------+----------------+-----
Fighting       | 1 2 |  2.2
Stealth        | 2 |  2.6
Dodging        | 3 |  3.5
Spellcasting   | 3 |  3.4

Action                     |  1- 3 |  4- 6 || total
---------------------------+-------+-------++-------
  Melee: Rapier            |       |    35 ||    35
         Short sword       |       |    17 ||    17
   Cast: Foxfire           |    25 |       ||    25
         Sandblast         |    38 |    18 ||    56
         Volatile Blastmot |       |     2 ||     2
   Stab: Sleeping          |       |     5 ||     5
 Armour: Robe              |     5 |    10 ||    15
  Dodge: Dodged            |    22 |    48 ||    70
